 Dungeon Crawl Stone Soup version 0.16.2-12-gd0ad4c3 (webtiles) character file.

6610 Goblin1989 the Slinger (level 10, -4/53 HPs)
             Began as a Spriggan Wizard on May 28, 2017.
             Was a Follower of Sif Muna.
             Killed from afar by an orc wizard (11 damage)
             ... with a magic dart
             ... on level 9 of the Dungeon on June 1, 2017.
             The game lasted 01:33:18 (19261 turns).

Goblin1989 the Slinger (Spriggan Wizard)           Turns: 19261, Time: 01:33:19

Health: -4/53      AC:  5    Str:  3    XL:     10   Next: 71%
Magic:  31/31      EV: 23    Int: 24    God:    Sif Muna [*.....]
Gold:   408        SH:  0    Dex: 14    Spells: 9 memorised, 7 levels left

rFire  . . .     SeeInvis +     m - +1 dagger (elec)
rCold  . . .     Clarity  .     d - +0 robe
rNeg   . . .     SustAb   .     (shield restricted)
rPois  .         Gourm    .     r - +1 hat
rElec  .         Spirit   .     (no cloak)
rCorr  .         Warding  .     (gloves unavailable)
rMut   .         Stasis   .     (boots unavailable)
MR     +....                    (no amulet)
Stlth  ++........               (no ring)
                                y - +2 ring of protection

@: very quick, somewhat resistant to hostile enchantments, unstealthy
A: unfitting armour, see invisible, herbivore 3, speed 3, sense surroundings 1,
slow metabolism 2
a: Channel Energy, Renounce Religion


You were on level 9 of the Dungeon.
You worshipped Sif Muna.
Sif Muna was aware of your devotion.
You were not hungry.

You visited 3 branches of the dungeon, and saw 12 of its levels.
You also visited: Sewer and Ossuary.

You collected 408 gold pieces.

Inventory:

Hand weapons
 a - a +0 dagger of venom
 b - a +0 hunting sling
 m - a +1 dagger of electrocution (weapon)
 I - a +0 rapier
Missiles
 h - 65 stones (quivered)
 Z - a throwing net {!d, =f}
Armour
 d - a +0 robe (worn)
 r - a +1 hat (worn)
Jewellery
 y - a +2 ring of protection (left hand)
Magical devices
 f - a wand of fireball (0)
 g - a wand of random effects (26)
 L - a wand of lightning (0)
 P - a wand of paralysis (4)
Scrolls
 k - 5 scrolls of remove curse {@r2}
 l - 3 scrolls of enchant armour
 s - 5 scrolls of noise
 u - a scroll of recharging {unknown}
 v - 3 scrolls of fog
 w - a scroll of blinking {unknown}
 B - 3 scrolls of random uselessness {unknown}
 R - a scroll of identify {@r1}
 T - 3 scrolls of teleportation {!r, @r3}
Potions
 c - a potion of flight
 i - 2 potions of magic
 j - 2 potions of curing {@q1}
 n - 2 potions of ambrosia
 o - a potion of heal wounds
 p - 4 potions of restore abilities
 E - 2 potions of brilliance
 G - a potion of lignification
 H - a potion of berserk rage
Books
 A - a book of Geomancy

   Spells                             Type                      Level
   a - Sandblast                      Earth                        1
   b - Stoneskin                      Transmutation/Earth          2
   c - Passwall                       Transmutation/Earth          3
   d - Stone Arrow                    Conjuration/Earth            3
   e - Petrify                        Transmutation/Earth          4
   f - Lee's Rapid Deconstruction     Earth                        5
 F - a Young Poisoner's Handbook

   Spells                             Type                      Level
   a - Sting                          Conjuration/Poison           1
   b - Cure Poison                    Poison                       2
   c - Mephitic Cloud                 Conjuration/Poison/Air       3
   d - Olgreb's Toxic Radiance        Poison                       4
   e - Venom Bolt                     Conjuration/Poison           5
Comestibles
 e - 7 bread rations {@e1}
 C - 9 slices of pizza


   Skills:
 * Level 6.3 Fighting
 - Level 2.4 Short Blades
 * Level 10.4 Slings
 * Level 9.7 Dodging
 - Level 3.0 Stealth
 + Level 9.4 Spellcasting
 - Level 2.4 Conjurations
 - Level 0.7 Summonings
 - Level 1.5 Translocations
 - Level 2.5 Transmutations
 - Level 2.0 Air Magic
 - Level 1.8 Earth Magic
 - Level 2.0 Poison Magic


You had 7 spell levels left.
You knew the following spells:

 Your Spells              Type           Power        Failure   Level  Hunger
a - Magic Dart            Conj           ###.         1%          1    None
b - Call Imp              Summ           ##......     8%          2    None
c - Stoneskin             Trmt/Erth      ###.....     3%          2    None
d - Blink                 Tloc           N/A          6%          2    None
e - Passwall              Trmt/Erth      ###.......   10%         3    None
f - Repel Missiles        Chrm/Air       ###...       8%          2    None
j - Conjure Flame         Conj/Fire      ###.....     12%         3    None
m - Mephitic Cloud        Conj/Pois/Air  ###.....     10%         3    None
w - Cure Poison           Pois           ###.......   4%          2    None


Dungeon Overview and Level Annotations

Branches:
Dungeon (10/15)            Temple (1/1) D:4            Lair (1/8) D:8
    Orc: D:9-12

Altars:
Ashenzari
Cheibriados
Dithmenos
Elyvilon
Fedhas
Gozag
Kikubaaqudgha
Makhleb
Nemelex Xobeh
Okawaru
Qazlal
Ru
Sif Muna
Trog
Vehumet
Xom
Yredelemnul
Zin
The Shining One

Shops:
D:2 *

Annotations:
D:3 DEFE's ghost, average DECK
D:9 Gastronok; Maurice


Innate Abilities, Weirdness & Mutations

You are tiny and cannot use many weapons and most armour.
You have supernaturally acute eyesight.
You are a herbivore.
You cover ground extremely quickly.
You need consume almost no food.
You passively map a small area around you.


Message History

The killer bee buzzes angrily.
The killer bee stings you but does no damage.
Your +1 dagger of electrocution stops crackling.
It begins to drip with poison!
a - a +0 dagger of venom (weapon)
The killer bee barely misses you.
You hit the killer bee.
The killer bee is poisoned.
The killer bee is lightly wounded.
The killer bee completely misses you. The killer bee closely misses you.
You miss the killer bee.
The killer bee is heavily wounded.
The killer bee misses you. The killer bee barely misses you.
You hit the killer bee but do no damage.
The killer bee looks even sicker.
The killer bee is heavily wounded.
You kill the killer bee!
Your +0 dagger of venom stops dripping with poison.
b - a +0 hunting sling (weapon)
It begins to drip with poison!
a - a +0 dagger of venom (weapon)
Wield which item (- for none, * to show all)? (? for menu, Esc to quit)
Your +0 dagger of venom stops dripping with poison.
You hear the crackle of electricity.
m - a +1 dagger of electrocution (weapon)
Things that are here:
a plate armour; a trident
There is an open door here.
You see here a twisted plate armour.
You open the door.
There is an open door here.
You close the door.
The orc wizard shouts!
The orc shouts!
The orc shouts!
The orc wizard casts a spell.
The orc wizard blinks!
You closely miss the orc. The orc completely misses you.
The orc wizard points at you and mumbles some strange words.
The magic dart hits you!
You take 10 damage, and have 24/53 hp.
You are too injured to fight recklessly!
You are too injured to fight recklessly!
You are too injured to fight recklessly!
You are too injured to fight recklessly!
You are too injured to fight recklessly!
You are too injured to fight recklessly!
You are too injured to fight recklessly!
You are too injured to fight recklessly!
You are too injured to fight recklessly!
You are too injured to fight recklessly!
You are too injured to fight recklessly!
You are too injured to fight recklessly!
You are too injured to fight recklessly!
You are too injured to fight recklessly!
You are too injured to fight recklessly!
You are too injured to fight recklessly!
You are too injured to fight recklessly!
You are too injured to fight recklessly!
You are too injured to fight recklessly!
You are too injured to fight recklessly!
You are too injured to fight recklessly!
You are too injured to fight recklessly!
You are too injured to fight recklessly!
You are too injured to fight recklessly!
You are too injured to fight recklessly!
You are too injured to fight recklessly!
You are too injured to fight recklessly!
You are too injured to fight recklessly!
You are too injured to fight recklessly!
The orc wizard points at you and mumbles some strange words.
The magic dart hits you!
* * * LOW HITPOINT WARNING * * *
You take 7 damage, and have 18/53 hp.
The orc wizard casts a spell at you. The magic dart hits you!
* * * LOW HITPOINT WARNING * * *
You take 3 damage, and have 15/53 hp.
You hit the orc wizard but do no damage.
You closely miss the orc wizard.
The orc wizard casts a spell.
The orc wizard seems to speed up.
The orc closely misses you.
You barely miss the orc wizard.
The orc wizard hits you with an enchanted dagger.
* * * LOW HITPOINT WARNING * * *
The orc hits you with a hand axe.
* * * LOW HITPOINT WARNING * * *
You take 4 damage, and have 11/53 hp.
You hit the orc wizard but do no damage.
The orc wizard completely misses you. The orc misses you.
The orc wizard barely misses you.
You closely miss the orc wizard. The orc hits you but does no damage.
The orc wizard hits you with an enchanted dagger.
* * * LOW HITPOINT WARNING * * *
The orc misses you.
You take 5 damage, and have 6/53 hp.
The orc wizard completely misses you. The orc hits you but does no damage.
You hear a zap.
You hear a grinding noise.
The orc wizard casts a spell at you. The magic dart hits you!
You die...

█≈≈§§.≈≈█.█..█...█..██████████..
█≈≈≈..≈≈█.██.∆...█..............
████.██ █..█.█...█...█████[.....
█....█ ...█.█████...█...█......
█....███████.........█...█.>..██
█....................█...█....█.
▲█....................██∆██....█.
.............)....o..........†...
................@.o..............
............>.....o....█████.....
.......................█........█
..████▲███████████...............
..█..... .....█..8.......8....
..█.... ·.....█........[......
..█... .....█...............
..█..████████....█...............
..█..█......█....█...........██▲█


You could see an orc wizard and 2 orcs.

Vanquished Creatures
  Fannar (D:10)
  A hill giant (D:10)
  2 wandering mushrooms (D:8)
  A polar bear (D:9)
  2 two-headed ogres
  2 yaks (D:10)
  A human (D:8)
  A deep elf mage (D:10)
  A hippogriff (D:7)
  A hungry ghost (D:9)
  2 wolves (D:9)
  3 orc warriors
  An ice beast (D:10)
  2 black bears
  A phantom (D:8)
  A wasp (D:9)
  5 ogres
  2 elf zombies (Ossuary)
  5 giant frogs
  A killer bee (D:9)
  3 goliath beetles
  A giant frog zombie (D:9)
  A jelly (D:8)
  2 centaur skeletons
  A human zombie (Ossuary)
  A centaur zombie (D:7)
  4 giant frog skeletons
  4 hounds
  7 orc wizards
  A quasit (D:5)
  6 worker ants
  2 iguanas
  An orc priest (D:9)
  2 big kobold zombies (Ossuary)
  Jessica (D:3)
  A hound zombie (D:7)
  A killer bee simulacrum (D:9)
  A worker ant zombie (D:9)
  9 gnolls
  8 adders
  4 giant mites (D:4)
  A white imp (D:9)
  4 worms
  4 ufetubi
  A worker ant simulacrum (D:9)
  An adder zombie (Ossuary)
  11 giant geckos
  5 oozes
  28 orcs
  2 bat skeletons
  2 bat zombies
  4 giant cockroaches
  12 hobgoblins
  4 quokkas
  5 ball pythons
  11 bats
  A giant gecko skeleton (D:5)
  7 giant newts
  2 giant spores
  14 goblins
  2 goblin zombies (Ossuary)
  9 hobgoblin zombies (Ossuary)
  15 jackals
  2 jackal zombies (Ossuary)
  18 kobolds
  10 kobold zombies (Ossuary)
  6 orc zombies (Ossuary)
  18 rats
  A rat zombie (Ossuary)
  5 ballistomycetes
302 creatures vanquished.

Vanquished Creatures (collateral kills)
  A phantom (D:8)
  An ice beast (D:9)
  A wasp zombie (D:5)
  A goliath beetle (D:4)
  A crimson imp (D:6)
  An orc priest (D:8)
  A human zombie (Ossuary)
  3 orc wizards
  2 mummies (Ossuary)
  An adder (D:4)
  2 giant mites (D:4)
  A giant gecko (D:4)
  2 orcs
  A ball python (D:3)
  A giant cockroach (D:3)
  A kobold (D:3)
  A quokka (D:3)
  A bat (D:3)
23 creatures vanquished.

Vanquished Creatures (others)
  6 crimson imps
  4 shadow imps
  5 white imps
  A bat zombie (D:8)
  A kobold (D:7)
  A fungus (D:8)
18 creatures vanquished.

Grand Total: 343 creatures vanquished

Notes
Turn   | Place    | Note
--------------------------------------------------------------
     0 | D:1      | Goblin1989, the Spriggan Wizard, began the quest for the Orb.
     0 | D:1      | Reached XP level 1. HP: 9/9 MP: 6/6
   270 | D:1      | Found an iron altar of Okawaru.
   859 | D:1      | Reached XP level 2. HP: 13/13 MP: 0/10
   863 | D:1      | Learned a level 2 spell: Blink
   866 | D:1      | Learned a level 2 spell: Call Imp
  1029 | D:1      | Reached skill level 5 in Spellcasting
  1615 | D:2      | Learned a level 2 spell: Repel Missiles
  1730 | D:2      | Reached XP level 3. HP: 16/16 MP: 14/14
  2495 | D:2      | Reached skill level 1 in Short Blades
  2500 | D:2      | Learned a level 3 spell: Mephitic Cloud
  2818 | D:2      | Reached XP level 4. HP: 21/21 MP: 10/17
  2865 | D:2      | Found Zin's Purification Station.
  2869 | D:2      | Found a glowing silver altar of Zin.
  3334 | D:3      | Noticed Jessica
  3338 | D:3      | Killed Jessica
  3338 | D:3      | Reached skill level 1 in Slings
  3689 | D:3      | Noticed DEFE's ghost (average DECK)
  3740 | D:4      | Reached XP level 5. HP: 2/25 MP: 12/20
  3747 | D:4      | Learned a level 3 spell: Conjure Flame
  3847 | D:4      | Reached skill level 1 in Fighting
  3949 | D:4      | Found a staircase to the Ecumenical Temple.
  3958 | Temple   | Entered the Ecumenical Temple
  4270 | D:4      | Found a glowing drain.
  4289 | Sewer    | Entered a sewer
  4299 | Sewer    | Noticed DEFE's ghost (average DECK)
  4306 | Sewer    | Gained mutation: You passively map a small area around you. [potion of beneficial mutation]
  4669 | D:4      | Reached skill level 6 in Spellcasting
  4807 | D:4      | Reached skill level 5 in Dodging
  4833 | D:4      | Reached XP level 6. HP: 16/30 MP: 22/22
  5690 | D:4      | Found a bloodstained altar of Trog.
  6096 | D:5      | Entered Level 5 of the Dungeon
  6276 | D:5      | Found a sand-covered staircase.
  6285 | Ossuary  | Entered an ossuary
  6673 | Ossuary  | Reached XP level 7. HP: 18/35 MP: 24/24
  6814 | Ossuary  | Reached skill level 1 in Conjurations
  7221 | Ossuary  | Reached skill level 1 in Air Magic
  7261 | Ossuary  | Reached skill level 1 in Poison Magic
  9052 | D:6      | Reached skill level 5 in Slings
  9429 | D:6      | Reached XP level 8. HP: 28/39 MP: 25/25
 10259 | D:3      | Found a burning altar of Makhleb.
 11311 | D:7      | Found an opulent altar of Gozag.
 11313 | D:7      | Found an iron altar of Okawaru.
 11358 | D:7      | Reached skill level 7 in Spellcasting
 11662 | D:7      | Found a snail-covered altar of Cheibriados.
 12758 | D:7      | Found a deep blue altar of Sif Muna.
 12764 | D:7      | Became a worshipper of Sif Muna the Loreminder
 12909 | D:7      | Learned a level 2 spell: Stoneskin
 12912 | D:7      | Learned a level 2 spell: Cure Poison
 12916 | D:7      | Learned a level 3 spell: Passwall
 13219 | D:8      | Reached XP level 9. HP: 39/45 MP: 28/28
 13574 | D:8      | Found a glowing golden altar of the Shining One.
 13619 | D:8      | Noticed a wandering mushroom
 13640 | D:8      | Found a staircase to the Lair.
 13772 | D:8      | Noticed a wandering mushroom
 13800 | D:8      | Killed a wandering mushroom
 13800 | D:8      | Reached skill level 8 in Slings
 14280 | D:8      | Reached skill level 1 in Transmutations
 14340 | D:8      | Killed a wandering mushroom
 14608 | D:9      | Noticed Gastronok
 14651 | D:9      | Reached skill level 1 in Earth Magic
 15020 | D:8      | Acquired Sif Muna's first power
 15480 | D:9      | Reached skill level 9 in Slings
 15493 | D:9      | Found an opulent altar of Gozag.
 16193 | D:9      | Reached skill level 5 in Fighting
 16719 | D:8      | Reached XP level 10. HP: 29/51 MP: 30/30
 17457 | Lair:1   | Entered Level 1 of the Lair of Beasts
 17457 | Lair:1   | Noticed a black mamba
 17679 | D:10     | Entered Level 10 of the Dungeon
 17913 | D:10     | Noticed a hill giant
 17921 | D:10     | Noticed Fannar
 17935 | D:10     | Killed a hill giant
 17988 | D:10     | Killed Fannar
 17988 | D:10     | Reached skill level 10 in Slings
 18993 | D:10     | Noticed Maurice
 19261 | D:9      | Killed from afar by an orc wizard

Action                   |  1- 3 |  4- 6 |  7- 9 | 10-12 || total
-------------------------+-------+-------+-------+-------++-------
Melee: Dagger            |    17 |    92 |   307 |   183 ||   599
       Rapier            |       |       |       |     3 ||     3
 Fire: Hunting sling     |    12 |   319 |   890 |   102 ||  1323
Throw: Stone             |       |       |       |    12 ||    12
 Cast: Magic Dart        |   123 |    74 |     2 |    13 ||   212
       Repel Missiles    |     1 |       |       |       ||     1
       Call Imp          |       |    22 |    38 |       ||    60
       Blink             |       |     3 |       |       ||     3
       Mephitic Cloud    |       |     3 |     8 |    10 ||    21
       Conjure Flame     |       |       |     5 |     9 ||    14
       Passwall          |       |       |       |     2 ||     2
Evoke: Wand              |       |     3 |       |       ||     3
  Use: Scroll            |       |    10 |     6 |     1 ||    17
       Potion            |       |     7 |       |     1 ||     8
 Stab: Sleeping          |     2 |     1 |       |     3 ||     6
       Confused          |       |     1 |       |     8 ||     9
  Eat: Pizza             |       |     1 |       |       ||     1
       Bread ration      |       |     1 |     1 |       ||     2
       Fruit             |       |       |     3 |       ||     3

Vault maps used:
D:1:      roderic_crop_circles_arrival_small, roderic_malta_cross,
          serial_park_tiny_2, okawaru_ov_weapons_minmay
D:2:      minmay_door_path, zin_purify
D:3:      wad_river_or_something, makhleb_blood_cavern_becter, uniq_jessica
D:4:      lemuel_coloured_pillars_altar, minmay_temple_entry_statues,
          gup_sewer_entry_pipe, first_bread, minmay_box_of_dots
D:5:      nicolae_ossuary_entry_monument
D:6:      abandoned_shop, nicolae_zen_rock_garden, minmay_crystal_room
D:7:      led_sif_pool, cheibriados_altar_1, grunt_temple_overflow_open,
          hangedman_decor_clover_reticule
D:8:      dpeg_oklobed_lair, basic_altar, grunt_pizzeria
D:9:      serial_ice, serial_ice_l, serial_ice_b, serial_ice_m, serial_ice_a,
          serial_ice_g, serial_ice_f, serial_ice_o, minmay_stone_trees_small,
          nicolae_gozag_cash_rules_everything_around_me, uniq_erolcha,
          uniq_grum, uniq_gastronok
D:10:     uniq_maurice, uniq_fannar
Temple:   triangle_lava_temple_12
Sewer:    sewer_co_15_rooms
Ossuary:  ossuary_tomb_1
